 Dungeon Crawl Stone Soup version 0.16.2 (webtiles) character file.

110118 Krapule the Spry (level 16, -1/81 HPs)
             Began as a Spriggan Hunter on Aug 10, 2015.
             Was the Champion of Dithmenos.
             Slain by a raven (9 damage)
             ... created by a shambling mangrove
             ... on level 3 of the Swamp on Aug 12, 2015.
             The game lasted 03:59:31 (38858 turns).

Krapule the Spry (Spriggan Hunter)                 Turns: 38858, Time: 03:59:31

Health: -1/81      AC:  5    Str:  9      XL:     16   Next: 6%
Magic:  33/39      EV: 39    Int: 18 (19) God:    Dithmenos [******]
Gold:   522        SH:  0    Dex: 24      Spells: 3 memorised, 21 levels left

rFire  . . .     SeeInvis +     b - +5 dagger of Distant Worlds {pain, Dex+3}
rCold  + . .     Clarity  .     F - +2 animal skin of the Blacksmith {rPois Slay+6 SInv}
rNeg   . . .     SustAb   .     (shield restricted)
rPois  +         Gourm    .     l - +0 hat {MR+}
rElec  .         Spirit   .     e - +0 cloak {rPois}
rCorr  .         Warding  .     (gloves unavailable)
rMut   .         Stasis   .     (boots unavailable)
MR     +++..                    H - amulet of regeneration
Stlth  +++++++...               M - ring "Kiadedwa" {Wiz rPois Str+2 Int+2}
                                G - ring of Jiyvvawi {+Fly rC+ Str-2 Dex+3 SInv}

@: very slightly contaminated, wreathed by umbra, invisible, very quick,
extremely resistant to hostile enchantments, extremely stealthy
A: unfitting armour, see invisible, herbivore 3, speed 3, high mp 1, slow
metabolism 2
a: Shadow Step, Shadow Form, Renounce Religion, Evoke Flight


You were on level 3 of the Swamp.
You worshipped Dithmenos.
Dithmenos was exalted by your worship.
You were hungry.

You visited 5 branches of the dungeon, and saw 31 of its levels.
You also visited: Labyrinth, Bailey, Ice Cave and Volcano.

You collected 2701 gold pieces.
You spent 2179 gold pieces at shops.

Inventory:

Hand weapons
 a - a +3 shortbow
 b - the +5 dagger of Distant Worlds (weapon) {pain, Dex+3}
   (You found it in a labyrinth)

   In the hands of one skilled in necromantic magic, it inflicts extra damage on
   living creatures.
   It affects your dexterity (+3).
 U - a +5 dagger of electrocution
Missiles
 c - 349 arrows
 K - 56 arrows of frost
 O - a poisoned arrow
Armour
 e - a +0 cloak of poison resistance (worn)
 l - a +0 hat of magic resistance (worn)
 F - the +2 animal skin of the Blacksmith (worn) {rPois Slay+6 SInv}
   (You acquired it on level 6 of the Lair of Beasts)

   It affects your accuracy and damage with ranged weapons and melee attacks
   (+6).
   It protects you from poison.
   It enhances your eyesight.
Jewellery
 j - an uncursed ring of protection from magic
 v - an uncursed ring of positive energy
 G - the ring of Jiyvvawi (left hand) {+Fly rC+ Str-2 Dex+3 SInv}
   (You found it on level 6 of the Lair of Beasts)

   [ring of flight]

   It affects your strength (-2).
   It affects your dexterity (+3).
   It protects you from cold.
   It enhances your eyesight.
   It lets you fly.
 H - an amulet of regeneration (around neck)
 M - the ring "Kiadedwa" (right hand) {Wiz rPois Str+2 Int+2}
   (You took it off a minotaur in a labyrinth)

   [ring of wizardry]

   It improves your spell success rate.
   It affects your strength (+2).
   It affects your intelligence (+2).
   It protects you from poison.
 W - an uncursed amulet of warding
Magical devices
 h - a wand of cold (5)
 m - a wand of draining (2)
 t - a wand of disintegration (4)
 E - a wand of digging (4)
 I - a wand of lightning (2)
 S - a wand of digging (9)
Scrolls
 g - 5 scrolls of magic mapping
 k - 17 scrolls of identify
 n - 8 scrolls of remove curse
 o - 2 scrolls of blinking
 x - 7 scrolls of teleportation
 B - a scroll of silence
 T - 3 scrolls of fear
 X - a scroll of holy word
 Y - a scroll of summoning
Potions
 d - 3 potions of haste
 i - a potion of cancellation
 p - 4 potions of might
 q - 2 potions of resistance
 u - 3 potions of agility
 C - 4 potions of heal wounds
 L - 3 potions of restore abilities
 P - 7 potions of curing
 V - a potion of berserk rage
Comestibles
 f - 13 bread rations
 w - 20 fruits
 N - 2 royal jellies
 Z - a slice of pizza


   Skills:
 - Level 8.0 Fighting
 + Level 15.6 Short Blades
 - Level 7.0 Bows
 + Level 19.6 Dodging
 - Level 15.0 Stealth
   Level 0.0 Shields
 + Level 9.1 Spellcasting
 + Level 10.1 Hexes
 - Level 10.0 Invocations


You had 21 spell levels left.
You knew the following spells:

 Your Spells              Type           Power        Failure   Level  Hunger
a - Confuse               Hex            #####...     1%          3    None
b - Invisibility          Hex            #####...     10%         6    ######.
c - Tukima's Dance        Hex            #####...     1%          3    None


Dungeon Overview and Level Annotations

Branches:
Dungeon (15/15)            Temple (1/1) D:4            Lair (8/8) D:11
  Swamp (3/5) Lair:5       Spider (0/5) Lair:5        Slime (0/6) Lair:6
    Orc (4/4) D:12            Elf (0/3) Orc:3        Vaults (0/5) D:14
 Depths (0/5) D:15

Altars:
Ashenzari
Cheibriados
Dithmenos
Elyvilon
Fedhas
Gozag
Kikubaaqudgha
Makhleb
Nemelex Xobeh
Okawaru
Qazlal
Ru
Sif Muna
Trog
Vehumet
Xom
Yredelemnul
Zin
The Shining One
Beogh

Shops:
D:4 [?   D:5 *   D:10 !   Orc:2 [(   Orc:4 [:(

Annotations:
D:3 poirepourri's ghost, average DrBe


Innate Abilities, Weirdness & Mutations

You are tiny and cannot use many weapons and most armour.
You have supernaturally acute eyesight.
You are a herbivore.
You cover ground extremely quickly.
You need consume almost no food.
You have an increased reservoir of magic (+10% MP).


Message History

The raven completely misses you. x2
The raven completely misses you. x2
The raven barely misses you. The raven completely misses you.
Casting: Confuse
Confirm with . or Enter, or press ? or * to list all spells.
Aiming: Invisibility
Press: ? - help, Shift-Dir - straight line, f - you You fade into invisibility!
You are feeling hungry.
The raven completely misses you. x3
The raven closely misses you. The raven misses you. The raven claws you.
* * * LOW HITPOINT WARNING * * *
The raven completely misses you. The raven closely misses you.
You enter the shallow water.
Moving in this stuff is going to be slow. ...and don't expect to remain undetected.
The raven completely misses you. x2
The raven misses you. The raven completely misses you. The raven pecks you!
You die...

.≈≈≈.♣♣ ♣.≈≈..≈≈≈.≈....♣♣..≈...♣
≈. ♣....≈≈≈≈..≈.≈≈...≈≈≈..♣♣
♣♣♣♣.≈≈≈.≈...≈≈≈≈≈≈≈≈≈♣♣. ♣
≈...≈≈≈..§♣.≈≈§.≈≈≈≈♣♣.. ♣
.≈≈.........≈≈(.≈≈...... ♣
≈≈≈≈≈≈..≈...≈≈≈..≈≈.≈≈≈≈≈
.....♣♣.....≈≈≈≈≈≈≈.≈≈≈.
♣♣♣♣♣.≈≈>..≈≈≈≈≈≈≈..... .
♣♣<..@≈[≈≈≈≈≈≈...♣..≈≈ .
♣.≈♣♣♣bb≈≈≈≈≈...≈♣.≈.. ♣
♣♣♣♣♣≈.≈≈≈≈...!≈.♣.≈≈. ♣♣♣♣♣♣
♣♣♣...♣≈.....♣.... ..≈..≈♣
♣♣...≈.♣♣.≈.♣♣♣♣♣♣ .≈≈≈≈≈.♣
♣♣♣...≈≈.≈§...♣♣...≈ .≈≈≈≈?≈♣
♣§...≈≈≈.≈≈♣♣♣♣♣≈≈.≈ ≈≈≈≈≈♣♣♣
♣♣....≈≈≈...♣♣♣ ♣≈≈≈.
≈≈≈≈≈≈≈♣♣♣♣♣♣≈≈≈§≈≈≈≈≈≈≈.≈♣♣♣§.≈.


You could see 2 ravens.

Vanquished Creatures
  Rupert (Lair:4)
  Donald (D:14)
  An orc warlord (Orc:4)
  Snorg (Lair:5)
  A yaktaur captain (D:15)
  A minotaur (Lab)
  A fire dragon (D:15)
  Nessos (Swamp:1)
  4 catoblepae (Lair:8)
  8 hydras
  Erica (D:13)
  4 centaur warriors
  5 alligators
  12 death yaks (Lair:8)
  An orc high priest (Orc:4)
  The ghost of poirepourri the Cleaver, an experienced DDBe of Trog (D:8)
  Nergalle (Lair:4)
  6 skeletal warriors (D:14)
  Erolcha (Orc:4)
  4 orc knights
  2 swamp dragons (Swamp:1)
  5 hill giants
  The ghost of SaintRoka the Covert, an experienced NaWn of Cheibriados (D:6)
  3 hornets
  3 oklob plants (Lair:6)
  4 ugly things (D:15)
  2 orc sorcerers (Orc:4)
  2 manticores
  3 cyclopes
  5 elephants (Lair:5)
  A toenail golem (Orc:1)
  4 black mambas
  2 centaur zombies (D:15)
  2 torpor snails (Lair:8)
  12 spiny frogs
  4 gargoyles (Lab)
  2 fire drakes
  7 komodo dragons
  5 yaktaurs (D:15)
  2 tengu conjurers (D:15)
  3 trolls
  Sonja (Orc:4)
  A two-headed ogre (D:13)
  15 slime creatures
  6 bog bodies
  7 ravens
  4 giant leeches
  A hornet zombie (D:15)
  15 blink frogs
  A shadow (Swamp:1)
  A trapdoor spider (D:15)
  5 wyverns
  A spriggan (Swamp:2)
  5 vampire mosquitoes
  18 humans
  A deep elf mage (D:15)
  5 hungry ghosts
  2 fire bats (Volcano)
  51 yaks
  5 wargs
  8 wolves
  15 insubstantial wisps
  9 hippogriffs
  A soldier ant (D:13)
  A mottled dragon (D:11)
  13 swamp worms
  7 porcupines
  41 orc warriors
  8 spiders (Lair:5)
  4 swamp drakes
  3 sky beasts
  A spider (shapeshifter) (D:14)
  17 water moccasins
  11 ice beasts
  12 ogres
  A black bear (D:11)
  5 boring beetles (D:11)
  An eye of draining (D:12)
  4 necrophages
  A wasp (Swamp:2)
  16 crocodiles
  9 centaurs
  5 phantoms
  Sigmund (D:7)
  4 big kobolds
  An earth elemental (Orc:1)
  A wyvern zombie (D:7)
  26 giant frogs
  7 scorpions
  A water moccasin skeleton (D:4)
  36 killer bees
  11 wights
  4 crimson imps
  2 giant frog zombies
  3 electric eels
  4 goliath beetles
  2 quasits
  4 centaur skeletons
  A giant frog skeleton (D:7)
  9 hounds
  3 jellies
  2 lava snakes (Volcano)
  26 orc priests
  8 worker ants
  32 orc wizards
  5 iguanas
  15 sheep
  Ijyb (D:6)
  2 hound zombies (D:11)
  2 mummies
  2 worker ant zombies
  6 gnolls
  25 adders
  62 river rats
  2 giant mites
  7 shadow imps
  8 white imps (IceCv)
  2 worms (D:5)
  An ufetubus (IceCv)
  2 orc zombies (Orc:4)
  2 adder zombies
  179 orcs
  4 ball pythons
  12 bats
  A bat skeleton (D:5)
  20 goblins
  16 hobgoblins
  11 jackals
  20 quokkas
  2 giant cockroaches
  4 giant geckos
  6 giant newts
  2 giant spores
  A jackal skeleton (D:6)
  24 kobolds
  2 quokka skeletons
  17 rats
  8 ballistomycetes
  A butterfly (Lair:4)
  A fungus (Lair:5)
1131 creatures vanquished.

Vanquished Creatures (others)
  A white imp (IceCv)
  An ufetubus (IceCv)
  A giant spore (D:15)
  3 fungi
  3 plants
9 creatures vanquished.

Grand Total: 1140 creatures vanquished

Notes
Turn   | Place    | Note
--------------------------------------------------------------
     0 | D:1      | Krapule, the Spriggan Hunter, began the quest for the Orb.
     0 | D:1      | Reached XP level 1. HP: 10/10 MP: 2/2
   281 | D:1      | Reached XP level 2. HP: 13/15 MP: 4/4
   282 | D:1      | Reached skill level 5 in Bows
   942 | D:2      | Found a white marble altar of Elyvilon.
   969 | D:2      | Reached XP level 3. HP: 14/18 MP: 6/6
  1310 | D:2      | Reached XP level 4. HP: 20/23 MP: 8/8
  2107 | D:3      | Reached XP level 5. HP: 23/27 MP: 10/10
  2199 | D:3      | HP: 1/27 [orc wizard/puff of frost (4)]
  3029 | D:3      | Noticed poirepourri's ghost (average DrBe)
  3083 | D:3      | Found a glowing golden altar of the Shining One.
  3549 | D:3      | Found a sparkling altar of Nemelex Xobeh.
  4001 | D:4      | Found Khiab's Armour Shoppe.
  4012 | D:4      | Reached skill level 6 in Bows
  4012 | D:4      | Reached skill level 5 in Dodging
  4124 | D:4      | Reached XP level 6. HP: 20/32 MP: 12/12
  4307 | D:4      | Noticed a phantom
  4321 | D:4      | Found a glowing silver altar of Zin.
  4356 | D:4      | Killed a phantom
  4547 | D:4      | Reached skill level 1 in Short Blades
  4571 | D:4      | Found Jiaworui's Magic Scroll Shop.
  4589 | D:4      | Reached skill level 5 in Stealth
  4605 | D:4      | Found a staircase to the Ecumenical Temple.
  4624 | Temple   | Entered the Ecumenical Temple
  4724 | Temple   | Became a worshipper of Dithmenos the Shadowed
  4780 | D:4      | Found an ancient bone altar of Kikubaaqudgha.
  4886 | D:4      | Reached XP level 7. HP: 18/36 MP: 14/14
  5368 | D:5      | Entered Level 5 of the Dungeon
  5619 | D:5      | Reached skill level 7 in Bows
  5689 | D:5      | Found a white marble altar of Elyvilon.
  5915 | D:5      | Found Freog's General Store.
  6354 | D:6      | Reached skill level 1 in Invocations
  6443 | D:6      | Reached XP level 8. HP: 31/42 MP: 12/17
  6617 | D:6      | Found a snail-covered altar of Cheibriados.
  6622 | D:6      | Noticed SaintRoka's ghost (experienced NaWn)
  6872 | D:7      | Found a flagged portal.
  6881 | Bailey   | Entered a bailey
  7606 | D:7      | Reached skill level 8 in Dodging
  7976 | D:7      | Found an iron altar of Okawaru.
  7984 | D:7      | Reached XP level 9. HP: 46/46 MP: 19/21
  8043 | D:7      | Noticed Sigmund
  8067 | D:7      | Killed Sigmund
  8092 | D:7      | Reached skill level 5 in Fighting
  8201 | D:7      | Acquired Dithmenos' first power
  8276 | D:7      | Reached skill level 5 in Short Blades
  8298 | D:7      | Reached skill level 9 in Dodging
  8403 | D:7      | Gained mutation: You have an increased reservoir of magic (+10% MP). [potion of beneficial mutation]
  8827 | D:8      | Noticed poirepourri's ghost (experienced DDBe)
  8903 | D:8      | Learned a level 3 spell: Confuse
  8933 | D:8      | Reached skill level 1 in Spellcasting
  8938 | D:8      | Reached skill level 1 in Hexes
  8977 | D:8      | Reached skill level 10 in Dodging
  9242 | D:8      | Acquired Dithmenos' second power
  9254 | D:8      | Reached skill level 5 in Invocations
  9920 | D:8      | Killed poirepourri's ghost
  9920 | D:8      | Reached XP level 10. HP: 23/51 MP: 22/26
 11392 | D:10     | Entered Level 10 of the Dungeon
 11661 | D:10     | Acquired Dithmenos' third power
 11661 | D:10     | Reached skill level 11 in Dodging
 12132 | D:10     | Found Ulil's Distillery.
 12409 | D:10     | Reached skill level 5 in Hexes
 12426 | D:10     | Reached skill level 10 in Stealth
 13083 | D:11     | Reached XP level 11. HP: 55/55 MP: 28/28
 13307 | D:11     | Found a staircase to the Lair.
 13849 | D:11     | Noticed a manticore
 13869 | D:11     | Killed a manticore
 13916 | D:11     | Reached skill level 12 in Dodging
 14461 | D:12     | Acquired Dithmenos' fourth power
 15147 | D:12     | Found a staircase to the Orcish Mines.
 15394 | Orc:1    | Entered Level 1 of the Orcish Mines
 15502 | Orc:1    | Found a dark tunnel.
 15610 | Volcano  | Entered a volcano
 16111 | Volcano  | Found a bloodstained altar of Trog.
 16461 | D:12     | Noticed a hill giant
 16469 | D:12     | Killed a hill giant
 16481 | D:13     | Found a radiant altar of Vehumet.
 16637 | D:13     | Noticed a hill giant
 16644 | D:13     | Killed a hill giant
 16997 | D:13     | Noticed Erica
 17014 | D:13     | Killed Erica
 17014 | D:13     | Reached skill level 13 in Dodging
 17014 | D:13     | Reached XP level 12. HP: 60/60 MP: 30/30
 17601 | Lair:1   | Entered Level 1 of the Lair of Beasts
 17872 | Lair:1   | Found a frozen archway.
 17990 | IceCv    | Entered an ice cave
 18194 | IceCv    | Upgraded the game from 0.16.1-51-g6203257 to 0.16.2
 18289 | Lair:1   | Reached skill level 5 in Spellcasting
 18482 | Lair:1   | Reached skill level 10 in Short Blades
 20108 | Lair:3   | Reached skill level 14 in Dodging
 21489 | Lair:4   | Noticed Rupert
 21555 | Lair:4   | Killed Rupert
 21555 | Lair:4   | Reached XP level 13. HP: 44/63 MP: 3/33
 21742 | Lair:4   | Noticed Nergalle
 21751 | Lair:4   | Killed Nergalle
 22429 | Lair:5   | Found a staircase to the Swamp.
 22515 | Lair:5   | Reached skill level 15 in Dodging
 22526 | Lair:5   | Noticed Snorg
 22912 | Lair:5   | Found a hole to the Spider Nest.
 23043 | Lair:5   | Reached skill level 10 in Invocations
 23113 | Lair:5   | Killed Snorg
 23645 | Lair:6   | Found a staircase to the Slime Pits.
 24204 | Lair:6   | Got a fine glass ring
 24210 | Lair:6   | Identified the ring of Jiyvvawi {+Fly rC+ Str-2 Dex+3 SInv} (You found it on level 6 of the Lair of Beasts)
 24211 | Lair:6   | Identified a scroll of acquirement
 24214 | Lair:6   | Got a polished animal skin
 24225 | Lair:6   | Identified the +2 animal skin of the Blacksmith {rPois Slay+6 SInv} (You acquired it on level 6 of the Lair of Beasts)
 24326 | Lair:7   | Found a labyrinth entrance.
 24343 | Lab      | Entered a labyrinth
 24604 | Lab      | Reached skill level 16 in Dodging
 24867 | Lab      | Got a scorched marble ring
 24871 | Lab      | Identified Cigotuvi's Tome of Transmigration and Envenoming
 24872 | Lab      | Got a warped dagger
 24876 | Lair:7   | Identified the +5 dagger of Distant Worlds {pain, Dex+3} (You found it in a labyrinth)
 25146 | Lair:1   | Identified the ring "Kiadedwa" {Wiz rPois Str+2 Int+2} (You took it off a minotaur in a labyrinth)
 25719 | Lair:7   | Reached XP level 14. HP: 65/68 MP: 37/37
 26269 | Lair:8   | Entered Level 8 of the Lair of Beasts
 26289 | Lair:8   | Found a radiant altar of Vehumet.
 26755 | Lair:1   | Learned a level 6 spell: Invisibility
 27531 | Lair:8   | Reached skill level 10 in Hexes
 27605 | Lair:8   | Reached skill level 17 in Dodging
 28836 | D:14     | Found a gate to the Vaults.
 28852 | D:14     | Noticed Donald
 28923 | D:14     | Killed Donald
 29234 | D:14     | Reached skill level 15 in Stealth
 29611 | D:15     | Entered Level 15 of the Dungeon
 29640 | D:15     | Reached XP level 15. HP: 47/72 MP: 38/38
 29669 | D:15     | Reached skill level 18 in Dodging
 29908 | Orc:1    | Found a deep blue altar of Sif Muna.
 30447 | D:6      | Killed SaintRoka's ghost
 30617 | D:6      | Noticed Ijyb
 30620 | D:6      | Killed Ijyb
 30722 | D:6      | Found a snail-covered altar of Cheibriados.
 30758 | D:6      | Found a sacrificial altar of Ru.
 30965 | D:4      | Bought a +2 gold dragon armour for 1104 gold pieces
 31549 | Orc:2    | Found a roughly hewn altar of Beogh.
 31802 | Orc:2    | Found Karr's Weapon Boutique.
 31894 | Orc:2    | Found Smileul's Armour Boutique.
 31902 | Orc:2    | Bought a +0 cloak of poison resistance for 110 gold pieces
 32444 | Orc:3    | Found a staircase to the Elven Halls.
 32825 | Orc:4    | Entered Level 4 of the Orcish Mines
 32836 | Orc:4    | Noticed Erolcha
 32849 | Orc:4    | Killed Erolcha
 32892 | Orc:4    | Found a roughly hewn altar of Beogh.
 33111 | Orc:4    | Noticed Sonja
 33122 | Orc:4    | Killed Sonja
 33685 | Orc:4    | Found a roughly hewn altar of Beogh.
 33838 | Orc:4    | Found a roughly hewn altar of Beogh.
 34047 | Orc:4    | Found Xeyqe's Antique Weapon Emporium.
 34163 | Orc:4    | Found Grof's Book Emporium.
 34171 | Orc:4    | Bought a book of Enchantments for 800 gold pieces
 34235 | Orc:4    | Found Yptafas' General Store.
 34268 | Orc:4    | Found Kipovuf's Antique Armour Emporium.
 34277 | Orc:4    | Bought a faintly humming robe for 165 gold pieces
 34289 | Orc:4    | Identified the -5 robe "Zauluosk" {Int+3 Dex+5 Stlth-} (You bought it in a shop on level 4 of the Orcish Mines)
 34315 | Orc:4    | Learned a level 3 spell: Tukima's Dance
 34825 | D:15     | Found a staircase to the Depths.
 35780 | Swamp:1  | Entered Level 1 of the Swamp
 35835 | Swamp:1  | Noticed Nessos
 35844 | Swamp:1  | Killed Nessos
 35844 | Swamp:1  | Reached skill level 15 in Short Blades
 36221 | Swamp:1  | Reached skill level 19 in Dodging
 36302 | Swamp:1  | You fall through a shaft!
 36539 | Swamp:1  | Found an ancient bone altar of Kikubaaqudgha.
 36900 | Swamp:2  | Noticed a thorn hunter
 37906 | Swamp:3  | Reached XP level 16. HP: 81/81 MP: 36/38
 38838 | Swamp:3  | HP: 2/81 [raven[a shambling mangrove] (13)]
 38858 | Swamp:3  | Slain by a raven

Action                   |  1- 3 |  4- 6 |  7- 9 | 10-12 | 13-15 | 16-18 || total
-------------------------+-------+-------+-------+-------+-------+-------++-------
Melee: Short sword       |    48 |    18 |       |       |       |       ||    66
       Rapier            |       |   229 |       |    61 |       |       ||   290
       Dagger            |       |    37 |   516 |  1607 |  2260 |   132 ||  4552
 Fire: Shortbow          |    47 |    59 |   223 |   185 |     9 |     9 ||   532
 Cast: Confuse           |       |       |       |    43 |    83 |     7 ||   133
       Invisibility      |       |       |       |       |     8 |     1 ||     9
Invok: Shadow Form       |       |       |       |     1 |       |       ||     1
  Use: Scroll            |       |     9 |     1 |    16 |     5 |     2 ||    33
       Potion            |       |     3 |     7 |     5 |     4 |     2 ||    21
 Stab: Sleeping          |     5 |    14 |    27 |    93 |   161 |     3 ||   303
       Distracted        |     1 |       |     1 |     8 |    22 |       ||    32
       Confused          |       |       |       |    19 |    27 |     1 ||    47
       Invisible         |       |       |       |       |    48 |       ||    48
  Eat: Bread ration      |       |     1 |     1 |     2 |       |       ||     4
       Fruit             |       |       |       |     2 |    32 |     1 ||    35
       Pizza             |       |       |       |     1 |     1 |       ||     2
